 Dungeon Crawl Stone Soup version 0.20-a0-73-g65ed1cb (webtiles) character file.

76 KristoblXynda the Slasher (level 4, -7/38 HPs)
             Began as a Draconian Monk on Nov 18, 2016.
             Mangled by Sigmund
             ... wielding a +0 scythe
              (13 damage)
             ... on level 2 of the Dungeon.
             The game lasted 00:02:26 (1520 turns).

KristoblXynda the Slasher (Draconian Monk)          Turns: 1520, Time: 00:02:27

Health: -7/38      AC:  5    Str: 13    XL:     4   Next: 12%
Magic:  4/4        EV: 14    Int: 11    God:
Gold:   156        SH:  0    Dex: 14    Spells: 0 memorised, 3 levels left

rFire  . . .     SeeInvis .     a - +0 falchion
rCold  . . .     Gourm    .     (armour unavailable)
rNeg   . . .     Faith    .     (no shield)
rPois  .         Spirit   .     (helmet restricted)
rElec  .         Reflect  .     (no cloak)
rCorr  .         Harm     .     (no gloves)
MR     .....                    (no boots)
Stlth  ++........               (no amulet)
                                (no ring)
                                (no ring)

@: no status effects
A: unfitting armour, cold-blooded, AC +5
a: no special abilities


You were on level 2 of the Dungeon.
You were not hungry.

You visited 1 branch of the dungeon, and saw 2 of its levels.

You collected 156 gold pieces.

Inventory:

Hand Weapons
 a - a +0 falchion (weapon)
Scrolls
 e - a scroll of recharging
Potions
 c - a potion of brilliance {unknown}
Comestibles
 b - 2 bread rations
 j - a meat ration


   Skills:
 - Level 3.2 Fighting
 + Level 4.2 Long Blades
 + Level 3.6 Dodging
 - Level 1.7 Stealth


You had 3 spell levels left.
You didn't know any spells.

Dungeon Overview and Level Annotations

Branches:
Dungeon (2/15)

Altars:
Hepliaklqana
Trog

Annotations:
D:2 Sigmund


Innate Abilities, Weirdness & Mutations

Your plain brown scales are hard. (AC +5)
You cannot fit into any form of body armour.
You are cold-blooded and may be slowed by cold attacks.


Message History

You hear some strange, mumbled words.
A puff of flame appears from out of thin air!
The puff of flame hits you!
You hit something.
You hear some strange, mumbled words.
A magic dart appears from out of thin air!
The magic dart hits you!
You miss something.
You hear some strange, mumbled words.
Something tries to affect you, but you resist.
You closely miss something.
You feel less woody. Something barely misses you.
You miss something. Something hits you.
You closely miss something.
Your tail-slap misses something.
You miss something. Something hits you!
You closely miss something. Something hits you!
* * * LOW HITPOINT WARNING * * *
You hit something.
Your tail-slap misses something.
Something hits you!
You die...

****** #....... *,,..****
#.......
***,.,,,****###.......
*,.##,,,,,..........
**..#*****###....... *#.#
#......... ****####.#
#####.#.......
*,,*#....###.....#.......
*,,*#..{@##รท.#####.......
*,,.#.......## #.......
*#........### ##......
####...#..## ##.....
#.......########.####
#..............).#
###._.........#..###
#....#..##.......#*
#######..#..#.##...


There were no monsters in sight!

Vanquished Creatures
  Ijyb (D:2)
  2 adders (D:2)
  A worm (D:2)
  2 dart slugs
  A giant cockroach (D:1)
  5 goblins
  3 hobgoblins
  3 kobolds (D:2)
  5 bats
  4 frilled lizards
  2 rats (D:1)
29 creatures vanquished.

Notes
Turn   | Place    | Note
-------+----------+-------------------------------------------
     0 | D:1      | KristoblXynda the Draconian Monk began the quest for the Orb.
     0 | D:1      | Reached XP level 1. HP: 19/19 MP: 1/1
   261 | D:1      | Reached XP level 2. HP: 26/26 MP: 2/2
   701 | D:2      | Noticed Ijyb
   707 | D:2      | Reached XP level 3. HP: 25/31 MP: 3/3
   715 | D:2      | Killed Ijyb
   715 | D:2      | Reached skill level 4 in Long Blades
   874 | D:2      | Found a bloodstained altar of Trog.
  1038 | D:2      | Reached XP level 4. HP: 27/38 MP: 4/4
  1085 | D:2      | Noticed Sigmund
  1266 | D:2      | Found a hazy altar of Hepliaklqana.
  1520 | D:2      | Mangled by Sigmund

Vault maps used:
D:1:      dpeg_arrival_three_smaller_balls, kennysheep_small_spiral,
          hangedman_feature_mirror, minivault_27
D:2:      bloody_trog, marbit_many_paths, uniq_iyjb, uniq_sigmund

Skill      XL: |  1  2  3 |
---------------+----------+-----
Dodging        | 3 |  3.6
Long Blades    | 4 |  4.2
Fighting       | |  3.2
Stealth        | |  1.7

Action                   |  1- 3 |  4- 6 || total
-------------------------+-------+-------++-------
Melee: Falchion          |    81 |    61 ||   142
       Tailslap          |     7 |     1 ||     8
  Use: Scroll            |       |     7 ||     7
       Potion            |       |     1 ||     1
 Stab: Sleeping          |     1 |     1 ||     2
  Eat: Chunk             |     1 |     1 ||     2
Armor: Skin              |    26 |    20 ||    46
Dodge: Dodged            |    67 |    18 ||    85
       Rpst.: Falchion   |    27 |     3 ||    30
